 Dungeon Crawl Stone Soup version 0.21-a0-143-g1ab7d47 (webtiles) character file.

16122 Lianjan the Carver (level 12, -3/96 HPs)
             Began as a Formicid Abyssal Knight on July 24, 2017.
             Was an Elder of Lugonu.
             Slain by a large slime creature (31 damage)
             ... on level 12 of the Dungeon.
             The game lasted 00:38:30 (16268 turns).

Lianjan the Carver (Formicid Abyssal Knight)       Turns: 16268, Time: 00:38:30

Health: -3/96      AC: 17    Str: 26    XL:     12   Next: 66%
Magic:  20/20      EV:  7    Int: 16    God:    Lugonu [****..]
Gold:   1287       SH: 12    Dex: 12    Spells: 11/11 levels left

rFire    + . .     SeeInvis +   a - +1 falchion
rCold    + . .     Gourm    +   F - +1 shield of the Hart {Regen+ Str+4 Int+4 Dex+2}
rNeg     . . .     Faith    .   B - +0 plate armour
rPois    +         Spirit   .   (helmet unavailable)
rElec    .         Reflect  .   f - +2 cloak {rPois}
rCorr    .         Harm     .   (no gloves)
MR       +....                  (no boots)
Stlth    ..........             t - amulet of the gourmand
HPRegen  0.66/turn              A - ring of Checkmate {rPois rF+}
MPRegen  0.17/turn              R - ring of protection from cold

@: no status effects
A: permanent stasis, dig shafts and tunnels, four strong arms, antennae 3
a: Dig, Shaft Self, Depart the Abyss, Bend Space, Banish, Corrupt, Renounce
Religion


You were on level 12 of the Dungeon.
You worshipped Lugonu.
Lugonu was greatly pleased with you.
You were completely stuffed.

You visited 1 branch of the dungeon, and saw 12 of its levels.
You visited the Abyss 1 time.

You collected 1287 gold pieces.

Inventory:

Hand Weapons
 a - a +1 falchion (weapon)
 r - a +0 blowgun
 v - a +0 hunting sling
 z - a +1 short sword of protection
Missiles
 e - 307 stones (quivered)
 n - 14 curare-tipped needles
 s - 128 sling bullets
Armour
 f - a +2 cloak of poison resistance (worn)
 B - a +0 plate armour (worn)
 F - the +1 shield of the Hart (worn) {Regen+ Str+4 Int+4 Dex+2}
   (You found it on level 7 of the Dungeon)

   It affects your strength (+4).
   It affects your intelligence (+4).
   It affects your dexterity (+2).
   It increases your rate of regeneration.
Jewellery
 o - an uncursed ring of resist corrosion
 t - an amulet of the gourmand (around neck)
 A - the ring of Checkmate (left hand) {rPois rF+}
   (You found it on level 7 of the Dungeon)

   [ring of poison resistance]

   It protects you from fire.
   It protects you from poison.
 E - an uncursed ring of stealth
 R - a ring of protection from cold (right hand)
Wands
 y - a wand of iceblast (13/15)
 H - a wand of disintegration (13/24)
 I - a wand of clouds (0/9)
 L - a wand of polymorph (8/24)
 N - a wand of acid (8/15)
Scrolls
 b - 6 scrolls of remove curse
 g - 2 scrolls of recharging
 i - 2 scrolls of immolation
 j - 2 scrolls of enchant armour
 k - a scroll of identify
 C - a scroll of fear
 M - a scroll of blinking {unknown}
Potions
 d - 2 potions of heal wounds
 h - 2 potions of resistance
 l - a potion of flight
 p - 2 potions of mutation
 u - 2 potions of agility
 w - 2 potions of curing
 D - 2 potions of ambrosia {unknown}
 J - a potion of berserk rage {unknown}
 O - a potion of might
 P - a potion of brilliance {unknown}
Books
 x - a book of Callings

   Spells                             Type                      Level
   a - Summon Small Mammal            Summoning                    1
   b - Call Imp                       Summoning                    2
   c - Call Canine Familiar           Summoning                    3
   d - Summon Guardian Golem          Hexes/Summoning              3
   e - Summon Lightning Spire         Summoning/Air                4
   f - Summon Ice Beast               Ice/Summoning                4
Comestibles
 c - 3 bread rations
 m - 6 fruits
 q - 12 meat rations
 G - 16 royal jellies


   Skills:
 + Level 9.6 Fighting
 * Level 12.2 Long Blades
 + Level 8.3 Armour
 - Level 0.8 Dodging
 + Level 8.1 Shields
 + Level 10.8 Invocations


You had 11 spell levels left.
You didn't know any spells.

Dungeon Overview and Level Annotations

Branches:
Dungeon (12/15)            Temple (0/1) D:4            Lair (0/6) D:11
    Orc (0/2) D:12

Altars:
Cheibriados
Dithmenos
Gozag
Nemelex Xobeh
Okawaru
Qazlal
Sif Muna
Xom
Zin
The Shining One

Annotations:
D:2 Natasha
D:11 corrupted
Abyss:1 Erolcha, Nergalle, Psyche


Innate Abilities, Weirdness & Mutations

You cannot be hasted, slowed, berserked, paralysed or teleported.
You can dig through walls and to a lower floor.
Your four strong arms can wield two-handed weapons with a shield.
You have a pair of large antennae on your head. (SInv)


Message History

You block the large slime creature's attack.
The slime creature hits you.
You slash the large slime creature!
The large slime creature is moderately wounded.
The large slime creature hits you. The slime creature hits you!
You slash the large slime creature!
The large slime creature is moderately wounded.
The large slime creature hits you.
You hit the large slime creature.
The large slime creature is moderately wounded.
You block the slime creature's attack.
You slash the large slime creature!
The large slime creature is heavily wounded.
You block the large slime creature's attack.
The slime creature hits you!
* * * LOW HITPOINT WARNING * * *
You slash the large slime creature!
The large slime creature is severely wounded.
The large slime creature hits you!!
You die...

.#.....# #.#.#
.###.### #.#.#
.......# #.#.#
..##<#.# #.#.#
..####.# #.#.#
..# #.# #†#.#
..#
#.#######.#.#
###
#.........#.#
###########@###
.
{........JJ..#
# #############
# # #


You could see a large slime creature and a slime creature.

Vanquished Creatures
  4 two-headed ogres
  An unseen horror (D:11)
  Pikel (D:8)
  3 trolls
  A queen bee (D:11)
  A hornet (D:7)
  The ghost of WiseOSalty the Vandal, an amateur HaHu (D:4)
  3 hippogriffs
  A meliai zombie (D:12)
  6 yaks (D:11)
  2 hungry ghosts (D:8)
  2 soldier ants
  An acid dragon (D:12)
  3 water moccasins
  The ghost of CanOfBees the Chucker, an amateur OgHu (D:3)
  A hornet zombie (D:10)
  3 ice beasts
  7 sky beasts
  A black bear (D:9)
  2 orc warriors
  A slave (D:8)
  2 necrophages
  3 ogres
  A phantom (D:8)
  A centaur (D:11)
  A crocodile (D:9)
  2 big kobolds
  3 bullfrogs
  A wyvern zombie (D:8)
  A wyvern skeleton (D:12)
  4 scorpions
  25 killer bees (D:11)
  A howler monkey (D:4)
  7 crimson imps
  5 hounds
  A quasit (D:8)
  7 jellies
  5 orc priests
  4 bullfrog skeletons
  2 bullfrog zombies
  10 orc wizards
  Natasha (twice) (D:2)
  4 iguanas
  15 worker ants
  2 hound zombies
  7 gnolls
  14 adders
  2 oozes
  An adder zombie (D:7)
  An adder skeleton (D:4)
  2 worms (D:3)
  3 dart slugs
  3 leopard geckos
  55 orcs
  2 ball pythons
  10 bats
  6 giant cockroaches
  5 goblins
  8 hobgoblins
  15 jackals
  17 kobolds
  7 quokkas
  7 frilled lizards
  2 leopard gecko zombies
  3 quokka skeletons
  9 rats
  A bush (D:4)
  A plant (D:4)
336 creatures vanquished.

Vanquished Creatures (others)
  Harold (D:11)
  A centaur warrior (D:11)
  2 two-headed ogres (D:8)
  The ghost of charan the Grappler, a novice TrHu of the Shining One (D:7)
  A cyclops (D:11)
  The ghost of mordus the Carver, a novice FoFi of Okawaru (D:5)
  A manticore (D:12)
  2 trolls
  A sky beast (D:11)
  A slave (D:8)
  An ogre (D:5)
  5 centaurs (D:11)
  3 killer bees (D:11)
  A bullfrog skeleton (D:11)
  2 orc wizards (D:11)
  2 orcs (D:11)
  2 starspawn tentacles (D:11)
28 creatures vanquished.

Grand Total: 364 creatures vanquished

Notes
Turn   | Place    | Note
-------+----------+-------------------------------------------
     0 | Abyss:1  | Lianjan the Formicid Abyssal Knight began the quest for the Orb.
     0 | Abyss:1  | Reached XP level 1. HP: 18/18 MP: 2/2
    15 | D:1      | Escaped the Abyss
   164 | D:1      | Reached XP level 2. HP: 22/24 MP: 3/3
   717 | D:1      | Reached XP level 3. HP: 25/29 MP: 5/5
   966 | D:1      | Reached skill level 3 in Long Blades
  1049 | D:1      | Reached ** piety under Lugonu
  1079 | D:2      | Reached skill level 1 in Shields
  1202 | D:2      | Found a shadowy altar of Dithmenos.
  1422 | D:2      | Noticed Natasha
  1434 | D:2      | Reached XP level 4. HP: 32/35 MP: 6/6
  1447 | D:2      | Killed Natasha
  1643 | D:2      | Found a glowing silver altar of Zin.
  1644 | D:2      | Found a deep blue altar of Sif Muna.
  1645 | D:2      | Found a sparkling altar of Nemelex Xobeh.
  1646 | D:2      | Found a snail-covered altar of Cheibriados.
  1647 | D:2      | Found an opulent altar of Gozag.
  1647 | D:2      | Found a shimmering altar of Xom.
  1647 | D:2      | Found a glowing golden altar of the Shining One.
  1708 | D:2      | Noticed Natasha
  1719 | D:2      | Killed Natasha
  1719 | D:2      | Reached XP level 5. HP: 7/41 MP: 7/7
  2130 | D:3      | Noticed CanOfBees's ghost (amateur OgHu)
  2165 | D:2      | Noticed Natasha
  2759 | D:3      | Reached skill level 4 in Long Blades
  3195 | D:3      | Killed CanOfBees's ghost
  3195 | D:3      | Reached XP level 6. HP: 32/47 MP: 7/9
  3658 | D:3      | Found an iron altar of Okawaru.
  3841 | D:3      | Found a faded altar of an unknown god.
  4270 | D:4      | Noticed WiseOSalty's ghost (amateur HaHu)
  4325 | D:4      | Killed WiseOSalty's ghost
  4325 | D:4      | Reached skill level 5 in Long Blades
  4325 | D:4      | Reached XP level 7. HP: 16/53 MP: 10/10
  4899 | D:3      | You fall through a shaft for 2 floors!
  4899 | D:5      | Entered Level 5 of the Dungeon
  5282 | D:4      | Reached skill level 5 in Invocations
  5376 | D:4      | Reached *** piety under Lugonu
  5625 | D:4      | Found a staircase to the Ecumenical Temple.
  5642 | D:4      | Reached skill level 6 in Long Blades
  6226 | D:4      | Reached XP level 8. HP: 61/61 MP: 12/12
  7070 | D:5      | Reached skill level 5 in Fighting
  7070 | D:5      | Reached skill level 7 in Long Blades
  7509 | D:5      | Noticed mordus's ghost (novice FoFi)
  7520 | D:5      | Banished mordus's ghost
  7831 | D:5      | Reached XP level 9. HP: 42/68 MP: 13/13
  8357 | D:6      | Found a stormy altar of Qazlal.
  8643 | D:6      | Reached skill level 8 in Long Blades
  8900 | D:6      | Reached **** piety under Lugonu
  9611 | D:7      | Got a warped marble ring
  9946 | D:7      | Noticed charan's ghost (novice TrHu)
  9955 | D:7      | Banished charan's ghost
  9957 | D:7      | Got a jewelled shield
  9970 | D:7      | Identified the +1 shield of the Hart {Regen+ Str+4 Int+4 Dex+2} (You found it on level 7 of the Dungeon)
 10200 | D:8      | Identified the ring of Checkmate {rPois rF+} (You found it on level 7 of the Dungeon)
 10206 | D:8      | Noticed a hornet
 10224 | D:7      | Killed a hornet
 10385 | D:8      | Reached skill level 9 in Long Blades
 10385 | D:8      | Reached XP level 10. HP: 76/76 MP: 15/15
 10582 | D:8      | Noticed Pikel
 10623 | D:8      | Killed Pikel
 10623 | D:8      | Reached skill level 5 in Armour
 10643 | D:8      | Noticed Psyche
 10660 | D:8      | Banished Psyche
 10742 | D:8      | Got a pair of smoking boots
 10748 | D:8      | Identified the cursed -5 pair of boots of Elyvilon's Scorn {-Tele rC+ SInv} (You found it on level 8 of the Dungeon)
 10774 | D:8      | Noticed a two-headed ogre
 10779 | D:8      | Banished a two-headed ogre
 11014 | D:8      | Reached skill level 10 in Long Blades
 11040 | D:8      | Noticed a two-headed ogre
 11059 | D:8      | Banished a two-headed ogre
 11312 | D:9      | Noticed Erolcha
 11333 | D:9      | Banished Erolcha
 11333 | D:9      | Reached skill level 5 in Shields
 11333 | D:9      | Reached XP level 11. HP: 75/85 MP: 12/17
 12058 | D:10     | Entered Level 10 of the Dungeon
 12870 | D:11     | Reached skill level 11 in Long Blades
 13202 | D:11     | Found a staircase to the Lair.
 13435 | D:11     | Noticed a two-headed ogre
 13455 | D:11     | Killed a two-headed ogre
 13542 | D:11     | Reached ***** piety under Lugonu
 13633 | D:11     | Noticed an unseen horror
 13662 | D:11     | Killed an unseen horror
 13662 | D:11     | Reached skill level 10 in Invocations
 13662 | D:11     | Reached XP level 12. HP: 91/93 MP: 19/19
 13675 | D:11     | Noticed a two-headed ogre
 13694 | D:11     | Killed a two-headed ogre
 13733 | D:11     | Noticed a centaur warrior
 13755 | D:11     | Corrupted D:11
 13755 | D:11     | Noticed a large abomination
 13755 | D:11     | Noticed a thrashing horror
 13755 | D:11     | Noticed a thrashing horror
 13755 | D:11     | Noticed a thrashing horror
 13755 | D:11     | HP: 2/94 [centaur/arrow[a centaur warrior] (6)]
 13757 | D:11     | Noticed a tentacled starspawn
 13758 | D:11     | Noticed a great orb of eyes
 13760 | D:11     | Noticed a large abomination
 13760 | D:11     | Killed a centaur warrior
 13779 | D:11     | Killed Harold
 14765 | D:12     | Found a staircase to the Orcish Mines.
 14942 | D:12     | Noticed a two-headed ogre
 14946 | D:12     | Noticed Nergalle
 15064 | D:12     | Killed a two-headed ogre
 15064 | D:12     | Reached skill level 12 in Long Blades
 15074 | D:12     | Banished Nergalle
 15400 | D:12     | Noticed a two-headed ogre
 15413 | D:12     | Killed a two-headed ogre
 16268 | D:12     | Slain by a large slime creature

Vault maps used:
D:1:      lightli_arrival_isolated_outpost
D:2:      grunt_dithmenos_smoke_and_mirrors, grunt_temple_overflow_open,
          first_bread, uniq_natasha
D:3:      chequers_ecumenical_altar_simple, kennysheep_okawaru_gauntlet
D:4:      minmay_temple_entry_steel_oval, serial_forest,
          infiniplex_forest_fountain, infiniplex_forest_end_3,
          infiniplex_forest_end_3, infiniplex_forest_end_3,
          infiniplex_forest_end_double
D:5:      kennysheep_dice
D:6:      grunt_qazlal_sundering
D:8:      uniq_psyche, uniq_pikel
D:9:      uniq_erolcha
D:11:     lair_entry_dummy, special_room, uniq_harold
D:12:     minmay_goldmine, orc_0_dummy, uniq_nergalle

Skill      XL: |  1  2  3  4  5  6  7  8  9 10 11 12 |
---------------+-------------------------------------+-----
Long Blades    | 3 4 5 6 7 9 10 11 12 | 12.2
Shields        | 1 2 3 5 7 8 |  8.1
Invocations    | 3 4 5 6 7 8 10 | 10.8
Fighting       | 4 5 6 7 8 9 |  9.6
Armour         | 3 4 6 7 8 |  8.3
Dodging        | |  0.8

Action                   |  1- 3 |  4- 6 |  7- 9 | 10-12 || total
-------------------------+-------+-------+-------+-------++-------
Melee: Falchion          |   108 |   214 |   761 |  1269 ||  2352
 Fire: Hunting sling     |       |       |       |     2 ||     2
Throw: Stone             |     8 |     9 |       |       ||    17
Invok: Bend Space        |       |     1 |       |     2 ||     3
       Banish            |       |       |     3 |    13 ||    16
       Corrupt           |       |       |       |     1 ||     1
 Abil: Shaft Self        |       |       |     1 |       ||     1
       Dig               |       |       |       |     2 ||     2
Evoke: Wand              |       |       |       |     2 ||     2
  Use: Potion            |       |     3 |       |     1 ||     4
       Scroll            |       |       |     9 |     9 ||    18
  Eat: Chunk             |     2 |     9 |    31 |    32 ||    74
       Royal jelly       |       |       |       |     3 ||     3
       Fruit             |       |       |       |     1 ||     1
Armor: Leather armour    |    26 |       |       |       ||    26
       Ring mail         |    14 |    70 |    30 |       ||   114
       Scale mail        |       |       |    82 |       ||    82
       Plate armour      |       |       |   149 |   460 ||   609
Dodge: Dodged            |    56 |    95 |   210 |   185 ||   546
Block: Buckler           |     8 |    43 |    72 |       ||   123
       Shield            |       |       |    32 |   592 ||   624
       Rpst.: Falchion   |    17 |    33 |    72 |    38 ||   160
